 Dungeon Crawl Stone Soup version 0.32-a0-818-gb728d0252e (webtiles) character file.

Game seed: 16971243282178849254

30 hikkokomori the Apothecary (level 3, 0/24 HPs)
             Began as a Coglin Alchemist on Mar 24, 2024.
             Slain by a cerulean imp
             ... wielding a +2 spear
             ... summoned by Natasha
              (4 damage)
             ... on level 2 of the Dungeon.
             The game lasted 00:03:21 (1535 turns).

hikkokomori the Apothecary (Coglin Alchemist)       Turns: 1535, Time: 00:03:21

Health: 0/24       AC:  3    Str:  8    XL:     3   Next: 20%
Magic:  2/6        EV: 11    Int: 16    God:
Gold:   32         SH:  0    Dex: 14    Spells: 5/6 levels left

rFire   . . .        f - +0 dagger {Koruri}
rCold   . . .        g - +0 dagger {Numeria}
rNeg    . . .        a - +0 robe
rPois   .            (no helmet)
rElec   .            e - +0 cloak
rCorr   .            (no gloves)
SInv    .            (no boots)
Will    .....        (amulet unavailable)
Stlth   ++           (ring unavailable)
HPRegen 0.24/turn    (ring unavailable)
MPRegen 0.10/turn    (no gizmo)

%: no passive effects
@: slowed, revving, very slow
A: off-hand wielding, slow wielding, warmup strikes, no jewellery
a: Invent Gizmo


You were on level 2 of the Dungeon.
You visited 1 branch of the dungeon, and saw 2 of its levels.

You collected 32 gold pieces.

Inventory:

Hand Weapons
 f - a +0 dagger (weapon) {Koruri}
 g - a +0 dagger (offhand) {Numeria}
Armour
 a - a +0 robe (worn)
 e - a +0 cloak (worn)
Wands
 i - a wand of mindburst (6)
Scrolls
 c - a scroll of noise {unknown}
 d - a scroll of poison {unknown}
 h - 2 scrolls of torment {unknown}
 k - a scroll of identify {unknown}
Potions
 b - 2 potions of magic
 j - a potion of curing {unknown}


   Skills:
 - Level 1.7 Dodging
 - Level 1.5 Stealth
 + Level 2.3 Spellcasting
 + Level 1.6 Conjurations
 + Level 3.7 Alchemy


You had 5 spell levels left.
You knew the following spells:

 Your Spells              Type           Power      Damage    Failure   Level
a - Sting                 Conj/Alch      40%        1d5       7%          1

Your spell library contained the following spells:

 Spells                   Type           Power      Damage    Failure   Level
 Mercury Vapours          Alch/Air       14%        N/A       14%         2
 Mephitic Cloud           Conj/Alch/Air  7%         N/A       28%         3
 Olgreb's Toxic Radiance  Alch           13%        N/A       38%         4
 Sticky Flame             Fire/Alch      7%         2d4       67%         4


Dungeon Overview and Level Annotations

Branches:
Dungeon (2/15)

Altars:

Shops:
D:1 :

Annotations:
D:2 Natasha


Innate Abilities, Weirdness & Mutations

You can wield a second weapon in your off-hand.
It takes a long time for you to wield or remove held weapons.
Your first few attacks do less damage.
You cannot equip rings or amulets.


Message History

Confirm with . or Enter, or press ? or * to list all spells.
Okay, then.
Natasha mumbles some strange words.
Casting: Sting (safe; 7% risk of failure)
Confirm with . or Enter, or press ? or * to list all spells.
Aiming: Sting (safe; 7% risk of failure)
Press: ? - help, Shift-Dir - straight line, f - Natasha
Aim: Natasha (moderately wounded, 64% to hit)
The sting hits the hobgoblin.
The hobgoblin is poisoned.
The hobgoblin is moderately wounded.
Casting: Sting (safe; 7% risk of failure)
Confirm with . or Enter, or press ? or * to list all spells.
Aiming: Sting (safe; 7% risk of failure)
Press: ? - help, Shift-Dir - straight line, f/p - Natasha
Aim: Natasha (moderately wounded, 64% to hit)
The sting hits the hobgoblin.
The hobgoblin looks even sicker.
You kill the hobgoblin!
Casting: Sting (safe; 7% risk of failure)
Confirm with . or Enter, or press ? or * to list all spells.
Aiming: Sting (safe; 7% risk of failure)
Press: ? - help, Shift-Dir - straight line, f/p - Natasha
Aim: Natasha (moderately wounded, 64% to hit)
The sting hits Natasha.
Natasha is poisoned.
Natasha is heavily wounded.
The cerulean imp hits you from afar with a +2 spear.
Natasha stares at you and mumbles some strange words.
You feel yourself slow down.
Casting: Sting (safe; 7% risk of failure)
Confirm with . or Enter, or press ? or * to list all spells.
Aiming: Sting (safe; 7% risk of failure)
Press: ? - help, Shift-Dir - straight line, f/p - Natasha
Aim: Natasha (heavily wounded, poisoned, 64% to hit)
The sting hits Natasha.
Natasha looks even sicker.
Natasha is severely wounded.
The cerulean imp hits you from afar with a +2 spear.
Natasha claws you!
* * * LOW HITPOINT WARNING * * *
Natasha closely misses you.
The cerulean imp hits you from afar with a +2 spear.
You die...

### #.######.###.# # #.#
#.# #.# # #.# #.# #.# #
###.#### #.# #.# #
#......# #.# #.## ####
###.#.##.###.# #..###...
#......†>.# .# #.##<####
#...#.#...# #.#...###
#......@..# #.#.♣.#..
...#.#.#h#.# #.#...#.#
..#.......5.# #.##.##.#
#.#.#.#.#.#...#######†##.#
#.........###...##...#.#
....#.#....#<)♣.)'.♣...#
............##...##...###
.... .#####..#######.## ##
.# ##.##


You could see Natasha (very poisoned) and a cerulean imp (summoned).

Vanquished Creatures
  An adder (D:2)
  4 bats
  3 endoplasms
  A giant cockroach (D:2)
  3 hobgoblins
  5 ball pythons
  2 kobolds
  A rat (D:2)
20 creatures vanquished.

Notes
Turn   | Place    | Note
-------+----------+-------------------------------------------
     0 | D:1      | hikkokomori the Coglin Alchemist began the quest for the
                  | Orb.
     0 | D:1      | Reached XP level 1. HP: 13/13 MP: 3/3
   106 | D:1      | Found Wuudgh's Book Boutique.
   119 | D:1      | Reached skill level 1 in Conjurations
   321 | D:1      | Reached XP level 2. HP: 11/19 MP: 1/5
  1267 | D:2      | Reached XP level 3. HP: 23/24 MP: 6/6
  1526 | D:2      | Noticed Natasha
  1535 | D:2      | Slain by a cerulean imp

Illustrated notes

Levels and vault maps discovered:
D:1:      dpeg_arrival_houses_and_road, layout_basic, serial_shops,
          nicolae_book_shop_shelving, kennysheep_minor_cross,
          hangedman_abyss_or_decor_lesser_grid
D:2:      layout_loops_ring, shapermc_ecumenical_altar_notcrosses, st_stairs_2,
          grunt_ministairs_5, uniq_natasha, uniq_sigmund

Skill      XL: |  1 |
---------------+----+-----
Conjurations   | 1 |  1.6
Spellcasting   | 2 |  2.3
Dodging        | |  1.7
Stealth        | |  1.5
Alchemy        | |  3.7

Action                     || total
---------------------------++-------
  Melee: Unarmed           ||    12
         Dagger            ||    48
   Cast: Sting             ||    22
   Stab: Sleeping          ||     4
 Armour: Robe              ||    33
  Dodge: Dodged            ||    33

Table legend: (Time is in decaauts)
 A = Elapsed time spent in this place.
 B = Non-inter-level travel time spent in this place.
 C = Inter-level travel time spent in this place.
 D = Time resting spent in this place.
 E = Time spent auto-exploring this place.
 F = Levels seen in this place.
 G = Mean time per level.
                   A        B        C        D        E       F      G
               +--------+--------+--------+--------+--------+-----+--------+
         Total |   1534 |   1469 |     65 |      0 |   1298 |   2 |  767.0 |
       Dungeon |   1534 |   1469 |     65 |      0 |   1298 |   2 |  767.0 |
               +--------+--------+--------+--------+--------+-----+--------+

Top non-repeatable levels by time:
     D:1: 1199 daAuts
     D:2: 335 daAuts
